 Dungeon Crawl Stone Soup version 0.31-a0-196-g86fe4a5e66 (webtiles) character file.

Game seed: 16743458986486952083

137 Maxmaps the Ruffian (level 5, -1/38 HPs)
             Began as a Demonspawn Reaver on June 24, 2023.
             Slain by Robin
             ... wielding a +0 dagger
              (3 damage)
             ... on level 2 of the Dungeon.
             The game lasted 00:01:41 (2006 turns).

Maxmaps the Ruffian (Demonspawn Reaver)             Turns: 2006, Time: 00:01:42

Health: -1/38      AC:  4    Str: 12    XL:     5   Next: 0%
Magic:  8/8        EV: 11    Int: 17    God:
Gold:   120        SH:  0    Dex: 11    Spells: 7/8 levels left

rFire   . .          .
                       - Unarmed
rCold   . . .        (no shield)
rNeg    . . .        b - +0 leather armour
rPois   .            (no helmet)
rElec   .            (no cloak)
rCorr   .            (no gloves)
SInv    .            (no boots)
Will    .....        (no amulet)
Stlth   +            (no ring)
HPRegen 0.26/turn    (no ring)
MPRegen 0.11/turn

%: no passive effects
@: brilliant
A: claws 1, sharp scales 1, talons 1, evolution 1
a: no special abilities


You were on level 2 of the Dungeon.
You visited 1 branch of the dungeon, and saw 2 of its levels.

You collected 120 gold pieces.

Inventory:

Armour
 b - a +0 leather armour (worn)
Scrolls
 a - a scroll of teleportation {unknown}
 f - a scroll of fear {unknown}


   Skills:
 - Level 2.0 Fighting
 - Level 3.3 Long Blades
 - Level 1.7 Dodging
 + Level 3.7 Unarmed Combat
 - Level 2.0 Spellcasting
 - Level 3.0 Conjurations


You had 7 spell levels left.
You knew the following spells:

 Your Spells              Type           Power      Damage    Failure   Level
a - Kiss of Death         Conj/Necr      40%        2d8       13%         1

Your spell library contained the following spells:

 Spells                   Type           Power      Damage    Failure   Level
 Magic Dart               Conj           68%        1d6       7%          1
 Momentum Strike          Conj/Tloc      20%        3d8       21%         2
 Beastly Appendage        Tmut           4%         N/A       24%         1
 Summon Small Mammal      Summ           8%         N/A       24%         1
 Call Imp                 Summ           4%         N/A       36%         2
 Wereblood                Tmut           2%         N/A       36%         2
 Hailstorm                Conj/Ice       10%        3d5       36%         3
 Mephitic Cloud           Conj/Pois/Air  7%         N/A       43%         3
 Call Canine Familiar     Summ           2%         N/A       58%         3
 Portal Projectile        Hex/Tloc       4%         N/A       58%         3
 Spider Form              Tmut/Pois      2%         N/A       58%         3
 Summon Guardian Golem    Hex/Summ       2%         N/A       58%         3
 Tukima's Dance           Hex            2%         N/A       58%         3
 Blade Hands              Tmut           1%         N/A       100%        5


Dungeon Overview and Level Annotations

Branches:
Dungeon (2/15)

Altars:

Annotations:
D:2 Natasha, Robin


Innate Abilities, Weirdness & Mutations

You have sharp fingernails.
You are partially covered in razor-sharp scales. (AC +1, Slay +1)
You have sharp toenails.
You have hidden genetic potential.


Message History

You hear a shout!
You barely miss the hobgoblin.
You claw the hobgoblin, but do no damage.
The hobgoblin hits you.
* * * LOW HITPOINT WARNING * * *
You closely miss the hobgoblin. Your kick misses the hobgoblin.
The hobgoblin barely misses you.
A gnoll comes into view. It is wielding a +0 club.
You claw the hobgoblin!
You kill the hobgoblin!
You have reached level 5!
Your demonic ancestry asserts itself...
Sharp scales grow over part of your body.
You barely miss Robin. You claw Robin, but do no damage.
Robin closely misses you.
A giant cockroach comes into view.
You scratch Robin.
Robin is moderately wounded.
Robin hits you but does no damage.
You completely miss Robin.
Robin is moderately wounded.
Robin hits you but does no damage.
You scratch Robin. You claw Robin.
Robin is heavily wounded.
Robin hits you with a +0 dagger.
* * * LOW HITPOINT WARNING * * *
You scratch Robin but do no damage. You claw Robin.
Robin is heavily wounded.
Robin hits you with a +0 dagger.
* * * LOW HITPOINT WARNING * * *
You closely miss Robin.
Robin is heavily wounded.
Robin hits you with a +0 dagger.
* * * LOW HITPOINT WARNING * * *
You claw Robin!
Robin is almost dead.
You scratch Robin but do no damage.
Robin is almost dead.
Robin hits you with a +0 dagger.
You die...

#...# .#. #...###....
#.....#.... #..........
#.###)#.#..#.
#...Bgg......
#####w#...... #g###.##.
#@#.. .. #####.#.# ## #
#...#.#.# #. #...#.#.#
#..##...#.#.#
....##...........#.#
..#............###.#
..#... .####...#...#
..#..#..###.....##.#####


You could see a worm, Robin, 2 gnolls and a giant cockroach.

Vanquished Creatures
  Terence (D:2)
  Natasha (twice) (D:2)
  An adder (D:2)
  2 worms (D:2)
  An endoplasm (D:1)
  9 goblins
  6 hobgoblins (D:2)
  6 jackals
  4 quokkas
  5 ball pythons
  4 bats
  2 frilled lizards
  A kobold (D:1)
  2 rats
46 creatures vanquished.

Notes
Turn   | Place    | Note
-------+----------+-------------------------------------------
     0 | D:1      | Maxmaps the Demonspawn Reaver began the quest for the Orb.
     0 | D:1      | Reached XP level 1. HP: 16/16 MP: 3/3
   373 | D:1      | Gained mutation: You have sharp fingernails. [demonic
                  | ancestry]
   373 | D:1      | Reached XP level 2. HP: 11/22 MP: 5/5
   906 | D:1      | Reached skill level 1 in Unarmed Combat
  1187 | D:2      | Noticed Natasha
  1196 | D:2      | Killed Natasha
  1197 | D:2      | Reached XP level 3. HP: 9/27 MP: 6/6
  1202 | D:2      | Noticed Terence
  1223 | D:2      | Killed Terence
  1224 | D:2      | Reached XP level 4. HP: 6/31 MP: 5/7
  1758 | D:2      | Noticed Natasha
  1772 | D:2      | Killed Natasha
  1969 | D:2      | Noticed Natasha
  1971 | D:2      | Noticed Robin
  1985 | D:2      | Gained mutation: You have sharp toenails. [potion of
                  | mutation]
  1985 | D:2      | Gained mutation: You have hidden genetic potential. [potion
                  | of mutation]
  1999 | D:2      | Gained mutation: You are partially covered in razor-sharp
                  | scales. (AC +1, Slay +1) [demonic ancestry]
  1999 | D:2      | Reached XP level 5. HP: 8/38 MP: 8/8
  2006 | D:2      | Slain by Robin

Illustrated notes

Levels and vault maps discovered:
D:1:      lemuel_arrival_tunnels, layout_loops_ring, serial_glass,
          glass_columns_b, glass_columns_b, glass_columns_a, glass_columns_a,
          minmay_strange_pillars, feat_on_display, feat_on_display,
          minmay_crystal_room, columned_hall_lemuel, minmay_misc_feat_chi,
          hangedman_glass_teeth, minmay_misc_feat_room, minmay_misc_feat_alley,
          kennysheep_nondescript
D:2:      layout_basic, uniq_natasha, uniq_terence, uniq_robin

Skill      XL: |  1  2  3  4 |
---------------+-------------+-----
Long Blades    | 3 |  3.3
Unarmed Combat | 2 3 |  3.7
Fighting       | |  2.0
Dodging        | |  1.7
Spellcasting   | |  2.0
Conjurations   | |  3.0

Action                     |  1- 3 |  4- 6 || total
---------------------------+-------+-------++-------
  Melee: Falchion          |    70 |       ||    70
         Unarmed           |    21 |    86 ||   107
         Punch             |     1 |     1 ||     2
         Kick              |       |     5 ||     5
   Cast: Kiss of Death     |     1 |       ||     1
    Use: Potion            |       |     4 ||     4
 Armour: Leather armour    |    47 |    21 ||    68
  Dodge: Dodged            |    79 |    48 ||   127

Table legend: (Time is in decaauts)
 A = Elapsed time spent in this place.
 B = Non-inter-level travel time spent in this place.
 C = Inter-level travel time spent in this place.
 D = Time resting spent in this place.
 E = Time spent auto-exploring this place.
 F = Levels seen in this place.
 G = Mean time per level.
                   A        B        C        D        E       F      G
               +--------+--------+--------+--------+--------+-----+--------+
         Total |   2009 |   1949 |     60 |    202 |   1429 |   2 | 1004.5 |
       Dungeon |   2009 |   1949 |     60 |    202 |   1429 |   2 | 1004.5 |
               +--------+--------+--------+--------+--------+-----+--------+

Top non-repeatable levels by time:
     D:1: 1188 daAuts
     D:2: 821 daAuts
